 Dungeon Crawl Stone Soup version 0.30.1-11-g7821555f0a (webtiles) character file.

Game seed: 13050641458022387106

7373 Curundu the Cleaver (level 10, -8/91 HPs)
             Began as a Minotaur Berserker on Jan 12, 2024.
             Was an Elder of Trog.
             Mangled by a boulder beetle (13 damage)
             ... on level 8 of the Dungeon.
             The game lasted 00:28:08 (7806 turns).

Curundu the Cleaver (Minotaur Berserker)            Turns: 7806, Time: 00:28:09

Health: -8/91      AC: 14    Str: 32    XL:     10   Next: 91%
Magic:  9/9        EV:  9    Int:  4    God:    Trog [****..]
Gold:   143        SH:  5    Dex: 10    Spells: 9/9 levels left

rFire   . . .        y - +4 mace
rCold   . . .        m - +0 buckler
rNeg    . . .        w - +0 plate armour
rPois   +            (helmet restricted)
rElec   .            (no cloak)
rCorr   .            (no gloves)
SInv    .            (no boots)
Will    .....        (no amulet) Stlth
                     z - +6 ring of strength
HPRegen 0.35/turn    b - ring of poison resistance
MPRegen 0.11/turn

%: no passive effects
@: on berserk cooldown, slowed, studying Shields, invisible, very slow
A: horns 2, retaliatory headbutt
a: Renounce Religion, Berserk, Trog's Hand, Brothers in Arms


You were on level 8 of the Dungeon.
You worshipped Trog.
Trog was greatly pleased with you.
You visited 1 branch of the dungeon, and saw 8 of its levels.

You collected 539 gold pieces.
You spent 396 gold pieces at shops.

Inventory:

Hand Weapons
 a - a +0 hand axe
 o - a +0 war axe
 y - a +4 mace (weapon)
Missiles
 e - 12 poisoned darts
 s - 3 boomerangs (quivered)
 u - 5 silver javelins
Armour
 m - a +0 buckler (worn)
 w - a +0 plate armour (worn)
Jewellery
 b - a ring of poison resistance (right hand)
 l - an amulet of faith
 x - a ring of magical power
 z - a +6 ring of strength (left hand)
 A - a ring of magical power
Wands
 t - a wand of paralysis (12)
Scrolls
 h - a scroll of fog
 k - 3 scrolls of teleportation
 n - 4 scrolls of identify
 q - a scroll of acquirement
 r - 3 scrolls of vulnerability
Potions
 c - 4 potions of haste {unknown}
 d - a potion of berserk rage
 g - 2 potions of lignification {unknown}
 i - 4 potions of brilliance {unknown}
 j - a potion of attraction {unknown}
 p - 3 potions of curing {unknown}
 v - a potion of mutation {unknown}


   Skills:
 + Level 9.0 Fighting
 + Level 12.3(13.1) Axes
 + Level 7.2(10.7) Maces & Flails
 + Level 1.7 Throwing
 + Level 9.8 Armour
 + Level 4.7 Dodging
 + Level 1.3 Stealth
 + Level 6.2 Shields


You had 9 spell levels left.
You didn't know any spells.
Your spell library was empty.

Dungeon Overview and Level Annotations

Branches:
Dungeon (8/15)             Temple (0/1) D:4            Lair (0/5) D:8

Altars:
Cheibriados
Ru

Shops:
D:4 !   D:5 [   D:6 [   D:8 =


Innate Abilities, Weirdness & Mutations

You have a pair of horns on your head.
You reflexively headbutt those who attack you in melee.


Message History

You hit the two-headed ogre.
Your headbutt misses the two-headed ogre.
The two-headed ogre is heavily wounded.
The two-headed ogre hits you with a +0 giant club!
The two-headed ogre hits you with a +0 giant club!!
* * * LOW HITPOINT WARNING * * *
You hear a shout!
You feel much better.
You hear a shout!
The two-headed ogre hits you with a +0 giant club!
* * * LOW HITPOINT WARNING * * *
The two-headed ogre hits you with a +0 giant club!
* * * LOW HITPOINT WARNING * * *
An orc comes into view.
It is wielding a +0 flail and quivering poisoned darts.
A red film seems to cover your vision as you go berserk!
You feel yourself moving faster!
You feel mighty!
You bludgeon the two-headed ogre!! You headbutt the two-headed ogre.
You kill the two-headed ogre!
Trog accepts your kill.
Your Fighting skill increases to level 9!
Your base Maces & Flails skill increases to level 7!
The orc barely misses you. You furiously retaliate!
You headbutt the orc!
You kill the orc!
Trog accepts your kill.
There is an open door, spattered with blood here.
Items here: ))) [ ††††.
You feel a strong urge to attack something.
e - 12 poisoned darts (gained 2);
v - a sapphire potion
k - 3 scrolls of teleportation (gained 1)
Items here: ) [ ††.
The boulder beetle leaps!
You see here a howler monkey corpse.
You feel your anger nearly subside.
You are no longer berserk.
You are exhausted.
You feel yourself slow down.
Things that are here:
a catoblepas corpse; an acid dragon corpse You fade into invisibility!
You block the boulder beetle's attack. The boulder beetle bites you!
You die...

...#
♣.........♣
####
####♣.♣####
♣♣.♣♣
#♣...♣#♣
#.....#.
#♣...♣#)♣♣
♣♣.♣♣ ..♣
##♣'♣##♣.♣ ♣#
#..<.)#†@#B.
+..8..))#B#
#..>..#..#..
##♣'♣##♣.♣.♣#
♣. .♣ . . ♣♣
.# .$ # #♣


You could see a boulder beetle (unable to see you).

Vanquished Creatures
  A catoblepas (D:8)
  A two-headed ogre (D:8)
  A deep elf pyromancer (D:7)
  Grinder (D:4)
  A shadow (D:8)
  A wraith (D:8)
  10 yaks
  A wyvern (D:8)
  A steam dragon (D:7)
  Menkaure (D:4)
  An acid dragon (D:8)
  A water moccasin (D:5)
  3 orc warriors
  3 black bears
  3 sky beasts
  2 ice beasts (D:6)
  An ogre (D:5)
  4 centaurs
  A phantom (D:5)
  2 kobold brigands
  5 bullfrogs
  2 gnoll sergeants
  A scorpion (D:6)
  6 wights
  3 howler monkeys
  A quasit (D:7)
  A jelly (D:4)
  4 orc priests
  A sleepcap (D:5)
  3 iguanas
  7 orc wizards
  4 gnolls (D:7)
  5 adders
  3 shadow imps (D:7)
  2 white imps (D:7)
  5 ufetubi
  3 worms
  6 dart slugs
  26 orcs
  8 bats
  7 endoplasms
  4 giant cockroaches
  10 hobgoblins
  13 kobolds
  4 quokkas
  4 ball pythons
  4 frilled lizards
  7 goblins
  6 rats
195 creatures vanquished.

Notes
Turn   | Place    | Note
-------+----------+-------------------------------------------
     0 | D:1      | Curundu the Minotaur Berserker began the quest for the Orb.
     0 | D:1      | Reached XP level 1. HP: 19/19 MP: 0/0
   147 | D:1      | Reached skill level 4 in Axes
   153 | D:1      | Reached XP level 2. HP: 20/27 MP: 1/1
  1062 | D:2      | Reached XP level 3. HP: 33/33 MP: 2/2
  1118 | D:2      | Reached ** piety under Trog
  1173 | D:2      | Identified the +0 chain mail of Words of Power {rElec SInv
                  | Stlth-}
  1603 | D:2      | Reached skill level 5 in Axes
  1603 | D:2      | Reached XP level 4. HP: 37/41 MP: 3/3
  2195 | D:3      | Found a faded altar of an unknown god.
  2259 | D:3      | Reached *** piety under Trog
  2561 | D:3      | Identified a scroll of acquirement
  2561 | D:3      | Acquired a manual of Shields
  2604 | D:4      | Reached XP level 5. HP: 39/47 MP: 4/4
  2675 | D:4      | Noticed Menkaure
  2685 | D:4      | Killed Menkaure
  2686 | D:4      | Reached skill level 6 in Axes
  2686 | D:4      | Reached XP level 6. HP: 7/55 MP: 5/5
  2917 | D:4      | Found a staircase to the Ecumenical Temple.
  3204 | D:4      | Found Noacwyasm's Distillery.
  3391 | D:4      | Noticed Grinder
  3421 | D:4      | Killed Grinder
  3422 | D:4      | Reached skill level 5 in Fighting
  3422 | D:4      | Reached skill level 7 in Axes
  3422 | D:4      | Reached XP level 7. HP: 56/61 MP: 6/6
  3717 | D:5      | Entered Level 5 of the Dungeon
  3974 | D:5      | Reached skill level 8 in Axes
  4083 | D:5      | Reached skill level 5 in Armour
  4174 | D:5      | Reached skill level 1 in Stealth
  4219 | D:5      | Found Ylliv's Antique Armour Boutique.
  4244 | D:5      | Reached skill level 9 in Axes
  4244 | D:5      | Reached XP level 8. HP: 60/70 MP: 7/7
  4342 | D:5      | Reached skill level 1 in Shields
  4926 | D:6      | Found Xexoukak's Armour Emporium.
  5289 | D:6      | Reached skill level 10 in Axes
  5380 | D:6      | Reached XP level 9. HP: 70/78 MP: 8/8
  5393 | D:6      | Reached skill level 11 in Axes
  5616 | D:7      | Reached **** piety under Trog
  6076 | D:7      | Found a sacrificial altar of Ru.
  6461 | D:7      | Reached skill level 12 in Axes
  6471 | D:7      | Reached ***** piety under Trog
  6472 | D:7      | Reached skill level 1 in Throwing
  6525 | D:7      | Reached skill level 5 in Shields
  6656 | D:7      | Noticed a deep elf pyromancer
  6675 | D:7      | HP: 4/81 [fire elemental[a deep elf pyromancer] (3)]
  6681 | D:7      | Killed a deep elf pyromancer
  6682 | D:7      | Reached skill level 1 in Maces & Flails
  6682 | D:7      | Reached XP level 10. HP: 39/89 MP: 9/9
  7317 | D:8      | Found Syphesob's Jewellery Shoppe.
  7332 | D:8      | Bought a +6 ring of strength for 396 gold pieces
  7335 | D:8      | Found a snail-covered altar of Cheibriados.
  7347 | D:8      | Found a staircase to the Lair.
  7719 | D:8      | Reached skill level 5 in Maces & Flails
  7724 | D:8      | Noticed a catoblepas
  7739 | D:8      | Killed a catoblepas
  7789 | D:8      | Noticed a two-headed ogre
  7789 | D:8      | Noticed a boulder beetle
  7797 | D:8      | HP: 4/90 [two-headed ogre/+0 giant club (25)]
  7800 | D:8      | Killed a two-headed ogre
  7806 | D:8      | Mangled by a boulder beetle

Illustrated notes

Levels and vault maps discovered:
D:1:      eino_arrival_water_star, layout_basic
D:2:      layout_basic, st_stairs_12
D:3:      layout_rooms, shapermc_ecumenical_altar_mp_urbaneastern
D:4:      layout_loops_cross, minmay_temple_entry_gardened_gates, serial_shops,
          nicolae_shop_tiny_glass, uniq_menkaure, uniq_grinder
D:5:      layout_basic, serial_shops, shop
D:6:      layout_loops_ring, serial_shops, nicolae_shop_real_fake_doors
D:7:      layout_basic, mainiacjoe_overflow_paths, serial_demonic,
          serial_demonic_f, serial_demonic_d, serial_demonic_f,
          serial_demonic_d, nicolae_ossuary_entry_plus,
          guppyfry_early_elven_hall
D:8:      nzn_winding_woodlands_stair_cross [nzn_winding_woodlands_5x15_eye,
          nzn_winding_woodlands_center_pierced_h,
          nzn_winding_woodlands_5x15_twine, nzn_winding_woodlands_5x5_default,
          nzn_winding_woodlands_5x5_open_star,
          nzn_winding_woodlands_5x15_sawtooth,
          nzn_winding_woodlands_center_triple_pond,
          nzn_winding_woodlands_5x15_split_checker], layout_loops_ring,
          nicolae_overflow_hidden_temple, lair_entry_dummy, serial_shops, shop

Skill      XL: |  1  2  3  4  5  6  7  8  9 10 |
---------------+-------------------------------+-----
Axes           | 4 5 6 7 9 10 12 | 12.3
Fighting       | 4 5 6 8 9 |  9.0
Armour         | 3 4 5 6 7 9 |  9.8
Dodging        | 3 4 |  4.7
Stealth        | 1 |  1.3
Shields        | 3 5 6 |  6.2
Throwing       | 1 |  1.7
Maces & Flails | 1 7 |  7.2

Action                     |  1- 3 |  4- 6 |  7- 9 | 10-12 || total
---------------------------+-------+-------+-------+-------++-------
  Melee: Hand axe          |    86 |     8 |       |       ||    94
         Headbutt          |    10 |    16 |    43 |    31 ||   100
         Punch             |     1 |     1 |       |       ||     2
         War axe           |       |    66 |   245 |       ||   311
         Mace              |       |       |    19 |   118 ||   137
  Throw: Boomerang         |       |       |     8 |       ||     8
         Dart              |       |       |     3 |       ||     3
 Invoke: Trog's Hand       |       |     2 |     2 |     2 ||     6
         Berserk           |       |     1 |     2 |     3 ||     6
    Use: Scroll            |     4 |     8 |     2 |     2 ||    16
         Potion            |       |       |     2 |     3 ||     5
 Armour: Animal skin       |    13 |       |       |       ||    13
         Ice dragon scales |    20 |    35 |    77 |       ||   132
         Plate armour      |       |       |    63 |    82 ||   145
  Dodge: Dodged            |    54 |    50 |   114 |    45 ||   263
  Block: Buckler           |       |       |    54 |    24 ||    78
